[Event "*** Titled Tuesday Blitz"]
[Site "Chess.com"]
[Date "2020.05.26"]
[Round "10"]
[White "Nor1lsk"]
[Black "Man-Chuk"]
[Result "0-1"]
[WhiteElo "2597"]
[BlackElo "2764"]
[TimeControl "180+1"]
[EndTime "12:03:11 PDT"]
[Termination "Man-Chuk won on time"]

1. e4 c6 2. Nc3 d5 3. f4 dxe4 4. Nxe4 Nd7 5. Nf3 Ngf6 6. Nf2 g6 7. b3 Bg7 8. Bb2 O-O 9. g3 b6 10. Bg2 Bb7 11. O-O c5 12. Nd3 e6 13. Qe2 Rc8 14. Nde5 Nxe5 15. fxe5 Nd5 16. Rae1 Nb4 17. d3 Bxf3 18.
Rxf3 Nc6 19. Qe4 Qc7 20. Rf2 Rfd8 21. h4 h5 22. Qf4 Nd4 23. Bh3 Rd5 24. c3 Rxe5 25.
Rxe5 Bxe5 26. Qe4 Nf5 27. g4 hxg4 28. Bxg4 Bg7 29. Rg2 Nxh4 30. Rh2 Qg3+ 31. Kh1 Nf5 32. Bc1 Rd8 33. Bg5 Rxd3 34. Qa8+ Bf8 35. Rh8+ Kxh8 36. Qxf8+ Kh7 37. Qxf7+ Ng7 38. Bf6 Qe1+ 39. Kg2 Rd2+ 40. Kf3 Rf2+ 41. Kg3 Rxf6+ 0-1

[Event "*** Titled Tuesday Blitz"]
[Site "Chess.com"]
[Date "2020.05.26"]
[Round "10"]
[White "aakankshachess"]
[Black "velemajstor767276"]
[Result "0-1"]
[WhiteElo "2459"]
[BlackElo "2604"]
[TimeControl "180+1"]
[EndTime "12:03:11 PDT"]
[Termination "velemajstor767276 won by checkmate"]

1. e4 c5 2. Nf3 e6 3. c4 a6 4.
Nc3 Qc7 5. Be2 Nc6 6. O-O Nd4 7. Nxd4 cxd4 8. Nb1 Nf6 9. d3 d5 10. exd5 exd5 11.
Re1 Be7 12. Bf3 dxc4 13. dxc4 O-O 14. Qxd4 Rd8 15. Qc3 Be6 16. Nd2 Rac8 17. b3 Bd6 18. h3 Bc5 19. Bb2 Bxh3 20. Ne4 Bd4 21. Qc2 Bxb2 22.
Qxb2 Nxe4 23. Bxe4 Be6 24. Rad1 b5 25. cxb5 axb5 26.
Qe2 b4 27. Qe3 Qc3 28. Qb6 Re8 29. Re3 Qc5 30. Qa6 Rcd8 31. Rde1 Rd2 32. Bf3 h6 33. Qb7 Red8 34. Qe4 Qd4 35. Qb7 Rxa2 36. Qb5 Rd2 37. Qc4 Bxc4 38. Re8+ Rxe8 39. Rxe8+ Kh7 40. Be4+ g6 41.
bxc4 Qxf2+ 42. Kh1 b3 43. Kh2 Qh4+ 44. Kg1 Rd1# 0-1

[Event "*** Titled Tuesday Blitz"]
[Site "Chess.com"]
[Date "2020.05.26"]
[Round "10"]
[White "SCIM"]
[Black "VALPARAISO37"]
[Result "0-1"]
[WhiteElo "2509"]
[BlackElo "2386"]
[TimeControl "180+1"]
[EndTime "12:03:11 PDT"]
[Termination "VALPARAISO37 won by resignation"]

1. c4 e6 2. d4 d5 3. Nf3 a6 4. Bg5 Nf6 5. cxd5 exd5 6. Nc3 Be6 7. e3 Bd6 8. Bd3 Nbd7 9. O-O c6 10. e4 dxe4 11.
Nxe4 Be7 12. Re1 O-O 13. Qc2 h6 14. Bd2 Nxe4 15. Bxe4 Re8 16. Rad1 Rc8 17. Ne5 Nf6 18. Bf3 Bd5 19. Qf5 Bxa2 20. Be2 Be6 21. Qf4 Bb3 22. Rc1 Bd6 23. Qg3 Bxe5 24. dxe5 Ne4 25. Qxb3 Qxd2 26.
Rcd1 Qf4 27. Rf1 b5 28. g3 Qxe5 29. Bf3 Ng5 30. Bg2 Qe6 31. Qa3 c5 32. h4 Nh7 33.
Rfe1 Qb6 34. Rxe8+ Rxe8 35. Qf3 Nf6 36. g4 Ne4 37.
Re1 Nd6 38. Rxe8+ Nxe8 39. g5 hxg5 40. hxg5 c4 41. Qa8 Qe6 42. Bc6 Kf8 43. Bxe8 Qe1+ 44. Kg2 Qxe8 45. Qxa6 Qe5 46. Qc8+ Ke7 47. Qb7+ Ke6 48. Qc6+ Kf5 49. f4 Qe4+ 50. Qxe4+ Kxe4 51. Kg3 b4 52. Kg4 c3 53. g6 fxg6 54. bxc3 bxc3 55. Kg5 c2 56. f5 0-1

[Event "*** Titled Tuesday Blitz"]
[Site "Chess.com"]
[Date "2020.05.26"]
[Round "10"]
[White "pastouche06"]
[Black "AndrewDGreen"]
[Result "1-0"]
[WhiteElo "2487"]
[BlackElo "2316"]
[TimeControl "180+1"]
[EndTime "12:03:11 PDT"]
[Termination "pastouche06 won by checkmate"]

1. d4 Nf6 2. c4 g6 3. f3 Bg7 4. e4 d6 5. Ne2 c6 6. Be3 a6 7. a4 a5 8. Nbc3 Na6 9. Qd2 Nb4 10. g3 O-O 11. Bg2 e5 12. O-O Qe7 13. Rfd1 Nd7 14. Rac1 exd4 15. Bxd4 Nc5 16. Bxg7 Kxg7 17.
Qxd6 Qxd6 18. Rxd6 Be6 19. Nd5 cxd5 20. cxd5 Ncd3 21.
Rc3 Bc8 22. b3 Ne1 23. Bh1 Re8 24. Kf2 Nec2 25. f4 g5 26. Rc7 Bg4 27. Nc3 gxf4 28.
gxf4 Nd4 29. Nb5 Nxb3 30. Rxb7 Nd2 31. Ke3 Nxe4 32. Bxe4 Bf5 33. Nc3 Bxe4 34. Nxe4 Kg8 35. Kd4 Kg7 36. Ng5 Rac8 37. Rxf7+ Kg8 38. Rdd7 Rf8 39.
Rg7+ Kh8 40. Rxh7+ Kg8 41. Rdg7# 1-0

[Event "*** Titled Tuesday Blitz"]
[Site "Chess.com"]
[Date "2020.05.26"]
[Round "10"]
[White "Dinamo81"]
[Black "iwanyu"]
[Result "0-1"]
[WhiteElo "2636"]
[BlackElo "2793"]
[TimeControl "180+1"]
[EndTime "12:03:13 PDT"]
[Termination "iwanyu won on time"]

1. d4 Nf6 2. Bf4 d5 3. e3 e6 4. Nd2 Bd6 5. Bg3 c5 6. c3 O-O 7. Ngf3 Qc7 8. dxc5 Qxc5 9. Bd3 Nbd7 10. e4 e5 11. O-O dxe4 12. Bxe4 Qc7 13. Bc2 Nb6 14.
Re1 Bg4 15. h3 Bh5 16. Bh4 Nbd5 17. Ne4 Nxe4 18. Qxd5 Bxf3 19. Bxe4 Bxe4 20. Rxe4 Rfe8 21. Rd1 Bc5 22. Rd3 Kh8 23. Rf3 Kg8 24. Rc4 Rac8 25. Kh1 b5 26. Rg4 Bf8 27. Bg3 Rcd8 28. Qxb5 Rd1+ 29.
Kh2 Rdd8 30. Rc4 Qb8 31. Qxb8 Rxb8 32. b4 f6 33. Rd3 Rec8 34. Rxc8 Rxc8 35. f3 a5 36. a3 a4 37. Bf2 g6 38. Kg1 Bh6 39.
Kf1 Bc1 40. Be1 Bxa3 0-1

[Event "*** Titled Tuesday Blitz"]
[Site "Chess.com"]
[Date "2020.05.26"]
[Round "10"]
[White "temus_galaktionov"]
[Black "Anna_ChessMate"]
[Result "0-1"]
[WhiteElo "2691"]
[BlackElo "2560"]
[TimeControl "180+1"]
[EndTime "12:03:13 PDT"]
[Termination "Anna_ChessMate won on time"]

1. d4 d5 2. Nf3 Nf6 3. c4 c6 4.
Qb3 dxc4 5. Qxc4 Bf5 6. g3 e6 7.
Bg2 Nbd7 8. Nc3 Be7 9. Qb3 Qc8 10.
Bf4 O-O 11. O-O h6 12. Rac1 Nd5 13. Bd2 Nxc3 14. Bxc3 Be4 15. Nd2 Bxg2 16. Kxg2 Nf6 17. e4 Qd7 18. Rfe1 Rac8 19. Nc4 b6 20. Rcd1 Rfd8 21.
h3 Qb7 22. f3 Ne8 23. Ne5 c5 24. d5 exd5 25. exd5 Nd6 26. Nc6 Rd7 27. Re2 Bf8 28. g4 c4 29. Qc2 Nb5 30. a4 Nxc3 31. Qxc3 Qa6 32. Rd4 Qxa4 33. Rxc4 Qa1 34. Ne7+ Rxe7 35. Rxe7 Rxc4 36. Qxc4 Bxe7 37. Qc8+ Bf8 38. Qc2 Qa5 39. Qd3 Qb4 40. b3 g6 41. h4 a5 42. h5 g5 43. Kg3 Qd6+ 44. Kg2 Qe5 45. Qa6 Qxd5 46. Qxb6 Qd2+ 47. Kf1 Qc1+ 48. Kg2 Bc5 49. Qd8+ Kg7 50. Qd5 Qg1+ 51. Kh3 Qf1+ 52. Kh2 Bg1+ 53. Kg3 Qf2+ 0-1

[Event "*** Titled Tuesday Blitz"]
[Site "Chess.com"]
[Date "2020.05.26"]
[Round "10"]
[White "LostaBet95"]
[Black "MikeSailer"]
[Result "1-0"]
[WhiteElo "2516"]
[BlackElo "2084"]
[TimeControl "180+1"]
[EndTime "12:03:13 PDT"]
[Termination "LostaBet95 won on time"]

1. e4 d5 2. exd5 Qxd5 3. Nc3 Qd6 4. d4 Nf6 5. Nf3 c6 6. g3 Bf5 7. Bg2 e6 8. O-O Be7 9. Bf4 Qd8 10. Nh4 Bg4 11. f3 Bh5 12. g4 Nfd7 13. gxh5 Bxh4 14. h6 gxh6 15. Bxh6 Rg8 16. Kh1 Qf6 17. Qd2 Na6 18. Ne4 Qe7 19. Qf4 Nb6 20. Nd6+ Kd7 21. Nxf7 Nd5 22. Ne5+ Ke8 23. Qd2 Qf6 24. c4 Ne7 25.
Bh3 Nf5 26. Bf4 Rd8 27. Rg1 Rxg1+ 28. Rxg1 Rxd4 29. Qc1 Nc5 30. Bg4 Nd3 31. Bh5+ Ke7 32. Nxd3 Rxd3 33. c5 Nd4 34. Bd6+ Kd7 35. Qf1 Qf5 36. Bg4 Qd5 37. Qxd3 1-0

[Event "*** Titled Tuesday Blitz"]
[Site "Chess.com"]
[Date "2020.05.26"]
[Round "10"]
[White "Keks2017"]
[Black "Orest_Vovk"]
[Result "1-0"]
[WhiteElo "2555"]
[BlackElo "2432"]
[TimeControl "180+1"]
[EndTime "12:03:15 PDT"]
[Termination "Keks2017 won on time"]

1. g3 Nf6 2. Bg2 g5 3. c4 g4 4. Nc3 h5 5. e3 h4 6. Nge2 h3 7. Bf1 b6 8. d4 Bb7 9. Rg1 Bf3 10. Qc2 Nc6 11. a3 e5 12. d5 Na5 13. b3 d6 14. Bb2 Bh6 15. Nc1 Nb7 16. b4 a5 17.
Be2 axb4 18. axb4 Rxa1 19. Bxa1 Rg8 20. Bb2 Qd7 21. Bd3 Rg5 22. Nb3 Qe7 23. Nd2 Bg2 24.
Kd1 Kf8 25. Kc1 Kg7 26. Kb1 c6 27. dxc6 Bxc6 28. Nde4 Nxe4 29. Bxe4 Nd8 30. Nd5 Bxd5 31. cxd5 f6 32. Rc1 Nf7 33. Qc7 Qxc7 34. Rxc7 f5 35.
Bd3 Kf6 36. Rb7 Rg8 37. Rxb6 Rd8 38. Bc3 Ng5 39. Be2 Ne4 40. Be1 f4 41. exf4 exf4 42. Bxg4 fxg3 43. fxg3 Be3 44. Rb7 Bf2 45. Bxf2 Nxf2 46.
Be6 Ke5 47. Kc2 Ne4 48. Rh7 Kd4 49. Rxh3 1-0

[Event "*** Titled Tuesday Blitz"]
[Site "Chess.com"]
[Date "2020.05.26"]
[Round "10"]
[White "GMJustin"]
[Black "BlackWidow515"]
[Result "0-1"]
[WhiteElo "2300"]
[BlackElo "2158"]
[TimeControl "180+1"]
[EndTime "12:03:15 PDT"]
[Termination "BlackWidow515 won on time"]

1. e4 e5 2. Bc4 Nf6 3. d3 Nc6 4. Nc3 Be7 5. f4 exf4 6. Bxf4 d6 7. Nf3 O-O 8. O-O Be6 9. Bb5 a6 10.
Ba4 Nd7 11. d4 b5 12. Bb3 Bxb3 13. axb3 Bf6 14. Nd5 Re8 15. Qd3 Ne7 16. Nxf6+ Nxf6 17. Rae1 Ng6 18. Bg5 h6 19. Bd2 Qd7 20. h3 Qc6 21. d5 Qd7 22. Bc3 Nh5 23. Qd4 Ne5 24. Nxe5 dxe5 25. Qf2 f6 26. Kh2 Nf4 27. Bd2 g5 28. Be3 c6 29. dxc6 Qxc6 30. Bxf4 exf4 31. g3 Rxe4 32. Rxe4 Qxe4 33. gxf4 Qxf4+ 34. Qxf4 gxf4 35. Rxf4 Kf7 36. c4 Rd8 37. Kg3 Rd3+ 38. Rf3 Rd2 39. cxb5 axb5 40. Rf5 Rd3+ 41. Kg4 Rxb3 42. Rf2 Kg6 43.
h4 Rb4+ 44. Kg3 f5 45. Rd2 Kh5 46. Rd5 Rg4+ 47. Kf3 Kxh4 48. Rxf5 Rb4 49. Rf6 h5 50. Rf4+ Rxf4+ 51. Kxf4 b4 0-1

[Event "*** Titled Tuesday Blitz"]
[Site "Chess.com"]
[Date "2020.05.26"]
[Round "10"]
[White "Djager97"]
[Black "PetrolulSah"]
[Result "1-0"]
[WhiteElo "2369"]
[BlackElo "2198"]
[TimeControl "180+1"]
[EndTime "12:03:15 PDT"]
[Termination "Djager97 won on time"]

1. e4 e5 2. Nf3 Nf6 3. Nc3 Bb4 4.
Be2 O-O 5. O-O d6 6. Nd5 Nxd5 7.
exd5 e4 8. Nd4 Qg5 9. d3 Qxd5 10. dxe4 Qxe4 11. Bd3 Qg4 12. Be2 Qg6 13. Bd3 Qf6 14.
Nb5 Na6 15. Qh5 g6 16. Qh6 Qg7 17. Qh4 Re8 18. Nxc7 Nxc7 19. Qxb4 d5 20. Bd2 Ne6 21. Rfe1 Qf8 22. Qh4 Qe7 23. Qh6 Qf8 24. Qh4 Qe7 25.
Qg3 Bd7 26. Bc3 Bc6 27. Qe5 f6 28. Qxf6 Qxf6 29. Bxf6 Kf7 30. Be5 Nc5 31. Bf1 Ne4 32. Bd4 a6 33. c3 Nd6 34. f3 Nc4 35. b3 Nd6 36. Kf2 Rac8 37. Rxe8 Rxe8 38. Re1 Rxe1 39.
Kxe1 Nb5 40. Kd2 Nd6 41. Ke3 Nf5+ 42. Kf4 Nd6 43. Bd3 Ke6 44. h4 Nf5 45. h5 Ne7 46. Bc5 Nf5 47. g4 Nh4 48. Bf2 1-0

[Event "*** Titled Tuesday Blitz"]
[Site "Chess.com"]
[Date "2020.05.26"]
[Round "10"]
[White "lelajavakhishvili"]
[Black "GMNickPert"]
[Result "1-0"]
[WhiteElo "2525"]
[BlackElo "2639"]
[TimeControl "180+1"]
[EndTime "12:03:16 PDT"]
[Termination "lelajavakhishvili won on time"]

1. d4 d5 2. c4 c6 3. Nf3 Nf6 4. e3 Bf5 5. Nc3 e6 6. Nh4 Be4 7. Qb3 Qc7 8. f3 Bg6 9. Bd2 Be7 10. g3 O-O 11. Rc1 Qb6 12. Nxg6 hxg6 13. Qc2 Nbd7 14. c5 Qc7 15. f4 b6 16. b4 a5 17. cxb6 Nxb6 18.
bxa5 Nc4 19. Bxc4 dxc4 20. Ne4 Ba3 21. Nxf6+ gxf6 22. Rb1 e5 23. O-O exd4 24. exd4 f5 25. Qxc4 Rfd8 26. Bc3 Bf8 27. Rb6 Rd6 28. Rfb1 Re6 29.
d5 Re3 30. Qd4 Rxc3 31. Qxc3 c5 32. d6 Qd7 33. Qc4 Bxd6 34. Rd1 Qe7 35. Rbxd6 Qe3+ 36. Kg2 Kg7 37. R1d2 Rxa5 38. Rd7 Kh6 39. Qxf7 1-0

[Event "*** Titled Tuesday Blitz"]
[Site "Chess.com"]
[Date "2020.05.26"]
[Round "10"]
[White "GMsKoRPioN"]
[Black "Vitor-Moraes"]
[Result "0-1"]
[WhiteElo "2381"]
[BlackElo "1979"]
[TimeControl "180+1"]
[EndTime "12:03:16 PDT"]
[Termination "Vitor-Moraes won by checkmate"]

1. d4 Nf6 2. c4 e6 3. Nc3 d5 4.
Nf3 Be7 5. Bg5 O-O 6. e3 c6 7. Rc1 Nbd7 8. Bd3 b6 9. O-O Bb7 10. cxd5 exd5 11. Qe2 h6 12. Bh4 Ne4 13. Bxe7 Qxe7 14. Ba6 Ndf6 15. Ne5 Rac8 16. Nxe4 Nxe4 17. Bxb7 Qxb7 18. f3 Nd6 19. Qd3 Rfe8 20. Rfe1 f6 21. Ng4 Nf7 22. Qg6 Kf8 23. h4 c5 24. a3 cxd4 25. exd4 Qd7 26. Qd3 Rxc1 27. Rxc1 Nd6 28. Qh7 Nf7 29. h5 Qb5 30. Rc7 Qxb2 31. Nxh6 Qxd4+ 32. Kf1 Qd1+ 33. Kf2 Qd4+ 34. Kg3 Qe5+ 35. f4 Qxc7 36.
Qg8+ Ke7 37. Qxf7+ Kd8 38. Qxd5+ Qd7 39. Qa8+ Ke7 40.
Qe4+ Kd8 41. Qa8+ Ke7 42. Qe4+ Kf8 43. Qc2 gxh6 44. Qg6 Re3+ 45. Kh2 Qg7 46. Qf5 Qg3+ 47. Kh1 Re1# 0-1

[Event "*** Titled Tuesday Blitz"]
[Site "Chess.com"]
[Date "2020.05.26"]
[Round "10"]
[White "stanyga"]
[Black "Alexander_Moskalenko"]
[Result "0-1"]
[WhiteElo "2634"]
[BlackElo "2807"]
[TimeControl "180+1"]
[EndTime "12:03:17 PDT"]
[Termination "Alexander_Moskalenko won by resignation"]

1. d4 e6 2. e4 d5 3. e5 c5 4. c3 Qb6 5. Nf3 Bd7 6. a3 c4 7. Nbd2 Nc6 8. Be2 Na5 9. O-O Ne7 10. Re1 Qc7 11. Rb1 Nc8 12. Nf1 Nb6 13. Bf4 f5 14.
Qd2 h6 15. Nh4 g5 16. Bh5+ Kd8 17. Ng6 Rg8 18. Bxg5+ hxg5 19. Qxg5+ Kc8 20. Ne7+ Bxe7 21. Qxg8+ Qd8 22. Qxd8+ Kxd8 23. f4 Ba4 24. Ne3 Kd7 25. Kf2 Rh8 26. Bf3 Rxh2 27. Rh1 Bh4+ 28. Ke2 Bg3 29.
Rxh2 Bxh2 30. g4 fxg4 31. Bxg4 Bxf4 32. Rf1 Bxe3 33. Kxe3 Ke7 34. Rf6 Bd7 35. Rh6 Nc6 36.
Rh7+ Ke8 37. Rh6 Ke7 38. Rh7+ Kd8 39. Rh6 Na4 40. Bxe6 Bxe6 41. Rxe6 Ne7 42. Kf4 Nxb2 43. Kg5 Nd1 44. Kf6 Nc6 45. Rd6+ Kc7 46. Rxd5 Nxc3 47. Rc5 Ne4+ 0-1

[Event "*** Titled Tuesday Blitz"]
[Site "Chess.com"]
[Date "2020.05.26"]
[Round "10"]
[White "NefeLV"]
[Black "HrvojeZagreb"]
[Result "0-1"]
[WhiteElo "1793"]
[BlackElo "2156"]
[TimeControl "180+1"]
[EndTime "12:03:17 PDT"]
[Termination "HrvojeZagreb won by checkmate"]

1. c4 e5 2. Nc3 d6 3. Nf3 f5 4. e4 Nf6 5. Bd3 f4 6. Bc2 c5 7. Nd5 Nc6 8. O-O Bg4 9. h3 Bh5 10. g4 fxg3 11. fxg3 Nd4 12. g4 Nxc2 13. Qxc2 Bg6 14.
Qa4+ Nd7 15. d3 Be7 16. b4 O-O 17. bxc5 Nxc5 18. Qb5 b6 19. Nxe7+ Qxe7 20. Bg5 Qe6 21. Rad1 h5 22. Nh2 Rxf1+ 23. Kxf1 Rf8+ 24. Kg2 Nxd3 25. Qd5 Qxd5 26. exd5 Rf2+ 27. Kg3 Rxa2 28. gxh5 Bh7 29. Ng4 Rc2 30. h6 Rxc4 31. hxg7 Kxg7 32. Bh6+ Kf7 33. Rf1+ Nf4 34. Ne3 Rc3 35. Kf2 a5 36. Bg5 Be4 37. h4 a4 38. Bxf4 exf4 39. h5 fxe3+ 40.
Ke2+ Kg8 41. Rf6 Bxd5 42. Rxd6 Bc4+ 43. Kd1 e2+ 44. Ke1 Rc1+ 45. Kd2 e1=Q# 0-1

[Event "*** Titled Tuesday Blitz"]
[Site "Chess.com"]
[Date "2020.05.26"]
[Round "10"]
[White "Crazy_girl99"]
[Black "Cambek64"]
[Result "1-0"]
[WhiteElo "2406"]
[BlackElo "2289"]
[TimeControl "180+1"]
[EndTime "12:03:18 PDT"]
[Termination "Crazy_girl99 won by resignation"]

1. Nf3 d5 2. g3 c6 3. Bg2 Nf6 4. d4 Bf5 5. O-O e6 6. b3 h6 7.
Bb2 Nbd7 8. Nbd2 Be7 9. c4 O-O 10. Rc1 Ne4 11. e3 a5 12. Ne1 a4 13. Nxe4 Bxe4 14.
Bxe4 dxe4 15. Ng2 axb3 16. axb3 Ra2 17. Bc3 Nf6 18. Nf4 b5 19. Rc2 Qa8 20. Qd2 Rxc2 21.
Qxc2 bxc4 22. bxc4 Qa6 23. Qb3 Bd6 24. Ra1 Qc8 25.
Ne2 Qc7 26. Ba5 Qd7 27. Bb6 Rb8 28. c5 Nd5 29. Nc3 Nxc3 30. Qxc3 Bf8 31. Ra7 Rb7 32. Ra8 f5 33. Rd8 Qf7 34. Qa5 Kh7 35. Qa8 Qh5 36. Qa4 Be7 37. Rc8 e5 38. Qb3 Qe2 39. Qg8+ Kg6 40. Rxc6+ Bf6 41. Qb3 exd4 42. exd4 Rd7 43.
Rxf6+ Kxf6 44. c6 Qd3 45. Qxd3 exd3 46. cxd7 d2 47. d8=Q+ Kg6 48. Qe8+ Kf6 49. Qe2 Kg6 50. Qxd2 Kh7 51. d5 1-0

[Event "*** Titled Tuesday Blitz"]
[Site "Chess.com"]
[Date "2020.05.26"]
[Round "10"]
[White "GMStefanova"]
[Black "bazar-wokzal"]
[Result "1-0"]
[WhiteElo "2632"]
[BlackElo "2469"]
[TimeControl "180+1"]
[EndTime "12:03:19 PDT"]
[Termination "GMStefanova won by resignation"]

1. d4 Nf6 2. Nf3 e6 3. e3 c5 4. Bd3 b6 5. b3 Bb7 6. O-O Be7 7. c4 d6 8. Nc3 Nbd7 9. Bb2 a6 10. a4 Qc7 11. Re1 h6 12. h3 g5 13. e4 g4 14.
hxg4 Nxg4 15. d5 e5 16. Ne2 Rg8 17. Ng3 Nf8 18. a5 bxa5 19. Bc3 Bc8 20. Bxa5 Qd7 21. Nf5 Qb7 22. b4 Bxf5 23. exf5 cxb4 24. Qa4+ Nd7 25. c5 dxc5 26. d6 Bxd6 27. Be4 Qa7 28. Bxa8 Qxa8 29.
Rad1 Qb8 30. Qc6 Ke7 31. Re2 Rc8 32. Qxa6 Bc7 33. Red2 Ngf6 34. Bxc7 Qxc7 35. Rd6 b3 36. Nxe5 Nxe5 37. Rxf6 b2 38. Rb6 Rb8 39. Rxb8 Qxb8 40. f6+ Kf8 41. Qb7 Qe8 42. Qxb2 Kg8 43. Qc3 Qe6 44.
Re1 Nf3+ 45. gxf3 1-0

[Event "*** Titled Tuesday Blitz"]
[Site "Chess.com"]
[Date "2020.05.26"]
[Round "10"]
[White "verdest"]
[Black "TokChess"]
[Result "1-0"]
[WhiteElo "2522"]
[BlackElo "2357"]
[TimeControl "180+1"]
[EndTime "12:03:19 PDT"]
[Termination "verdest won on time"]

1. d4 Nf6 2. c4 g6 3. Nc3 d5 4.
cxd5 Nxd5 5. Bd2 Bg7 6. e4 Nxc3 7. Bxc3 O-O 8. Bc4 c5 9. d5 Bxc3+ 10. bxc3 b5 11.
Bxb5 Qa5 12. Rb1 Qxc3+ 13. Qd2 Qe5 14. Bd3 c4 15. Nf3 Qc7 16. Rc1 Ba6 17. O-O Nd7 18. Rfe1 Rac8 19. Qh6 f6 20. e5 cxd3 21. Rxc7 Rxc7 22.
d6 exd6 23. exd6 Rb7 24. h4 Rf7 25. Re7 Nf8 26. Qe3 Rd7 27. Rxf7 Kxf7 28. Qd4 Ke6 29. Nd2 Rxd6 30. Qxa7 Nd7 31. a4 f5 32. Qe3+ Kf7 33. a5 Bb5 34. Nf3 Kf8 35. Nd4 Bc4 36. Nf3 Nf6 37.
Nd2 Ne4 38. Nxc4 Rc6 39. Nd2 Rc1+ 40. Kh2 Re1 41. Qxe1 1-0

[Event "*** Titled Tuesday Blitz"]
[Site "Chess.com"]
[Date "2020.05.26"]
[Round "10"]
[White "zmeeed67"]
[Black "Colombiano07"]
[Result "0-1"]
[WhiteElo "2439"]
[BlackElo "2305"]
[TimeControl "180+1"]
[EndTime "12:03:19 PDT"]
[Termination "Colombiano07 won by checkmate"]

1. d4 d5 2. c4 Bf5 3. cxd5 Bxb1 4.
Qa4+ c6 5. Rxb1 Qxd5 6. Nf3 Nf6 7. e3 Nbd7 8. Qc2 e5 9. Bc4 Qa5+ 10. Bd2 Bb4 11. O-O Bxd2 12. Nxd2 exd4 13. Nb3 Qh5 14. Nxd4 O-O 15. Be2 Qg6 16. Bd3 Qh5 17. Nf5 g6 18. Ng3 Qc5 19. Qe2 Rad8 20. Rbc1 Qe7 21. Bb1 h5 22. f4 h4 23. Nh1 Rfe8 24. Rce1 Nc5 25. e4 Ncxe4 26. Nf2 Qc5 27. Bxe4 Rxe4 28. Qf3 Rxe1 29. Rxe1 Rd2 30. Kf1 Rxb2 31. Nd3 Qc4 32. Qe3 Rxa2 33. Kg1 Nd5 34. Qe8+ Kg7 35. Ne5 Qxf4 36.
Nf3 h3 37. Rf1 Rxg2+ 38. Kh1 Ne3 39. Nd2 Nxf1 40. Qe1 Nxd2 41. Qh4 Rg1+ 42. Kxg1 Qxh4 43. Kh1 Qe1# 0-1

[Event "*** Titled Tuesday Blitz"]
[Site "Chess.com"]
[Date "2020.05.26"]
[Round "10"]
[White "Shubinkirill2003"]
[Black "maciek_92"]
[Result "1-0"]
[WhiteElo "2658"]
[BlackElo "2802"]
[TimeControl "180+1"]
[EndTime "12:03:20 PDT"]
[Termination "Shubinkirill2003 won by checkmate"]

1. e4 c5 2. Nf3 e6 3. g3 Nc6 4. Bg2 Nf6 5. Qe2 d5 6. exd5 Nxd5 7. O-O Be7 8. Rd1 Bf6 9. Nc3 O-O 10.
Ne4 Nd4 11. Nxd4 cxd4 12. c4 Nb4 13. Nxf6+ Qxf6 14. d3 a5 15. Bf4 Qg6 16. a3 Nc6 17.
b4 axb4 18. axb4 Rxa1 19. Rxa1 e5 20. Bd2 Bf5 21. b5 Bxd3 22. Qe1 e4 23. bxc6 Qxc6 24. Rc1 h6 25. h4 Re8 26. Bf4 Bxc4 27. Qb4 b5 28. Re1 f5 29. Qd2 Qf6 30. Ra1 e3 31.
fxe3 dxe3 32. Qe1 g5 33. Bc7 f4 34. hxg5 hxg5 35. gxf4 gxf4 36. Rc1 Qg5 37. Qd1 e2 38.
Qd2 Qc5+ 39. Kh2 Qxc7 40. Bd5+ Kg7 41. Rg1+ Kf6 42. Qd4+ Qe5 43. Qb6+ Re6 44. Qd8+ Re7 45. Qh8+ Kf5 46. Qh5+ Kf6 47. Qg6# 1-0

[Event "*** Titled Tuesday Blitz"]
[Site "Chess.com"]
[Date "2020.05.26"]
[Round "10"]
[White "Thipsay"]
[Black "ftorodent"]
[Result "0-1"]
[WhiteElo "2473"]
[BlackElo "2660"]
[TimeControl "180+1"]
[EndTime "12:03:21 PDT"]
[Termination "ftorodent won by resignation"]

1. e4 c5 2. Nf3 e6 3. d4 cxd4 4. Nxd4 a6 5. Nc3 b5 6. Be2 Bb7 7. Bf3 Qc7 8. O-O d6 9. Re1 Nd7 10. Bf4 Ne5 11. Be2 Nf6 12. Bf1 Be7 13. a3 O-O 14. h3 Rac8 15. Bh2 Qb6 16. Kh1 Rxc3 17. bxc3 Nxe4 18. Bg1 Nxc3 19. Qd2 Qc7 20. f4 Nd7 21. f5 e5 22. Nf3 Nf6 23. Re3 Rc8 24. Rae1 Ncd5 25. Rd3 Qxc2 26. Qa5 h6 27. Rd2 Qc7 28.
Qxc7 Rxc7 29. Kh2 Nb6 30. Red1 Nc4 31. Ra2 Bxf3 32. gxf3 d5 33. f4 e4 34. Bd4 Nd7 35. Bxc4 Rxc4 36. Be5 Nb6 37. Rg2 f6 38. Bd4 Bc5 39.
Bxf6 Kf7 40. Bxg7 d4 41. Be5 d3 42. Rg7+ Kf8 43. Rc7 Bxa3 44. Rb7 Nd5 45. Rg1 Rc2+ 46. Kh1 d2 47. Bg7+ Ke8 48. Bxh6 Rc1 49. f6 Rxg1+ 50. Kxg1 d1=Q+ 51. Kf2 Qf3+ 0-1

[Event "*** Titled Tuesday Blitz"]
[Site "Chess.com"]
[Date "2020.05.26"]
[Round "10"]
[White "yobdc"]
[Black "m_ezat"]
[Result "0-1"]
[WhiteElo "2119"]
[BlackElo "2497"]
[TimeControl "180+1"]
[EndTime "12:03:22 PDT"]
[Termination "m_ezat won by checkmate"]

1. e4 c6 2. d4 d5 3. Nc3 dxe4 4. Nxe4 Nd7 5. Ng5 Ngf6 6. Bd3 e6 7. N1f3 Bd6 8. Qe2 h6 9. Ne4 Nxe4 10. Qxe4 Qc7 11. Bd2 b6 12. O-O-O Bb7 13. Rhe1 O-O-O 14. Qe2 Rhe8 15.
Ba6 Kb8 16. Bxb7 Qxb7 17. Bc3 Nf6 18. Kb1 Nd5 19. Bd2 c5 20. c4 Nf6 21. Bc3 Ka8 22. a3 cxd4 23. Bxd4 Bc7 24. Bxf6 gxf6 25. Ka2 Kb8 26. g3 f5 27. Nd4 a6 28. Nb3 Qc6 29. Rc1 Rd7 30. Rc2 Red8 31. Qh5 a5 32. Qxh6 b5 33. Qc1 b4 34. h4 a4 35. Na1 b3+ 36.
Nxb3 axb3+ 37. Kxb3 Ba5 38. Ree2 Ka8 39. Ka2 Rd1 40. Qe3 Qh1 41. Qc5 Ra1+ 42. Kb3 Qb7+ 43. Ka4 Bb6 44. Qb5 Rd3 45. Qe8+ Ka7 46. Qb5 Kb8 47.
Red2 Qa7+ 48. Kb4 Qe7+ 49. Ka4 Raxa3+ 50. bxa3 Qxa3# 0-1

[Event "*** Titled Tuesday Blitz"]
[Site "Chess.com"]
[Date "2020.05.26"]
[Round "10"]
[White "MasterKroket"]
[Black "fabianvivasz"]
[Result "1-0"]
[WhiteElo "2413"]
[BlackElo "2297"]
[TimeControl "180+1"]
[EndTime "12:03:22 PDT"]
[Termination "MasterKroket won by checkmate"]

1. d4 Nf6 2. c4 c5 3. d5 b5 4.
cxb5 a6 5. bxa6 g6 6. Nc3 Bxa6 7.
e4 Bxf1 8. Kxf1 d6 9. Nf3 Qc8 10.
a4 Bg7 11. h3 O-O 12. g3 Na6 13. Kg2 c4 14. Re1 Nd7 15. Nd4 Ne5 16. Be3 Nd3 17.
Re2 Nac5 18. Nc6 Re8 19. a5 Nxb2 20. Rxb2 Bxc3 21. Bd4 Bxb2 22. Bxb2 Nxe4 23. Qd4 c3 24. Bc1 Qf5 25. Bh6 Nf6 26. Nb4 g5 27. h4 g4 28.
Re1 c2 29. Bc1 Rxa5 30. Bb2 Rb5 31. Qc4 Rxb4 32. Qxb4 Nxd5 33. Qd4 Nf6 34. Kg1 Rb8 35. Qc3 Qf3 36. Qxc2 Nd7 37. Rxe7 Ne5 38. Rc7 Re8 39. Rc8 Rxc8 40. Qxc8+ Kg7 41. Bxe5+ dxe5 42. Qc5 Qe4 43. Kf1 Kg6 44. Qd6+ f6 45. Qd8 Qb1+ 46. Kg2 Qe4+ 47.
Kg1 Qb7 48. Qg8+ Qg7 49. Qe8+ Qf7 50. Qc6 Kh5 51. Qe4 Qe6 52. Qxh7# 1-0

[Event "*** Titled Tuesday Blitz"]
[Site "Chess.com"]
[Date "2020.05.26"]
[Round "10"]
[White "HanSchut"]
[Black "MaxLeto"]
[Result "1-0"]
[WhiteElo "2178"]
[BlackElo "2295"]
[TimeControl "180+1"]
[EndTime "12:03:22 PDT"]
[Termination "HanSchut won on time"]

1. e4 c5 2. Nf3 d6 3. d4 cxd4 4. Nxd4 Nf6 5. f3 e6 6. c4 b6 7. Nc3 Bb7 8. Be2 Nbd7 9. O-O Be7 10. Be3 O-O 11. Rc1 a6 12. Qd2 Rc8 13. Rfd1 Kh8 14. Bf1 Qc7 15. b4 Qb8 16. Nb3 Rg8 17. Na4 Bc6 18. Nc3 Bb7 19. Na4 Ba8 20. Qf2 Bd8 21. c5 b5 22. Nb6 Bxb6 23. cxb6 Rxc1 24. Rxc1 Rc8 25. Rxc8+ Qxc8 26. Na5 d5 27. exd5 Nxd5 28. Bc5 Qb8 29. a4 bxa4 30. Bxa6 N7xb6 31. b5 Qe5 32. h3 Nd7 33. Bd4 Qc7 34. Qd2 a3 35. Nb3 N7b6 36. Qa5 Qd6 37. Bc5 Qc7 38. Qxa3 h5 39. Bxb6 Nxb6 40.
Qc5 Qxc5+ 41. Nxc5 Kg8 42. Kf2 Kf8 43. Ke3 Ke7 44.
Kd4 Kd6 45. Ne4+ Kc7 46. Ng3 g6 47. Ne4 Nd7 48. Ng5 e5+ 49. Kc4 f6 50. Ne6+ Kd6 51. Nf8 Nb6+ 52. Kb3 g5 53. Nh7 Ke7 54. Kb4 1-0